 Dungeon Crawl Stone Soup version 0.18-a0-1405-g73f4075 (webtiles) character file.

84 Duffy the Chopper (level 4, -3/33 HPs)
             Began as a Mummy Gladiator on Feb 24, 2016.
             Slain by Purgy (4 damage)
             ... on level 3 of the Dungeon.
             The game lasted 00:01:54 (1764 turns).

Duffy the Chopper (Mummy Gladiator)                 Turns: 1764, Time: 00:01:54

Health: -3/33      AC:  4    Str: 19    XL:     4   Next: 24%
Magic:  4/4        EV: 12    Int:  7    God:
Gold:   59         SH:  0    Dex: 12    Spells: 0 memorised, 3 levels left

rFire  x . .     SeeInvis .     a - +0 war axe
rCold  + . .     Gourm    .     b - +0 leather armour
rNeg   + + +     Faith    .     (no shield)
rPois  ∞         Spirit   .     c - +0 helmet
rElec  .         Dismiss  .     (no cloak)
rCorr  .         Reflect  .     (no gloves)
SustAt .         Harm     .     (no boots)
MR     .....                    (no amulet)
Stlth  +.........               (no ring)
                                (no ring)

@: not resistant to hostile enchantments, very unstealthy
A: no food or potions, fire vulnerability, cold resistance 1, negative energy
resistance 3, torment resistance, unbreathing
a: no special abilities


You were on level 3 of the Dungeon.
You were not hungry.

You visited 1 branch of the dungeon, and saw 3 of its levels.

You collected 59 gold pieces.


Innate Abilities, Weirdness & Mutations

You do not eat or drink.
Your flesh is vulnerable to fire.
You are immune to poison.
Your flesh is cold resistant.
You are immune to negative energy.
You are immune to unholy pain and torment.
You can survive without breathing.


   Skills:
 - Level 2.0 Fighting
 + Level 4.2 Axes
 - Level 1.5 Throwing
 - Level 2.4 Dodging


You had 3 spell levels left.
You didn't know any spells.

Inventory:

Hand Weapons
 a - a +0 war axe (weapon)
Missiles
 d - a throwing net (quivered)
 g - 8 poisoned needles
 n - 8 javelins
Armour
 b - a +0 leather armour (worn)
 c - a +0 helmet (worn)
Scrolls
 e - a scroll of random uselessness {unknown}
 f - a scroll of teleportation {unknown}
 h - a scroll of noise {unknown}
 i - a scroll of fog {unknown}
 j - a scroll of recharging {unknown}
 k - a scroll of remove curse {unknown}
 l - a scroll of blinking {unknown}
 m - 2 scrolls of immolation {unknown}
 o - a scroll of identify {unknown}

Dungeon Overview and Level Annotations

Branches:
Dungeon (3/15)

Altars:

Annotations:
D:3 Purgy


Message History

Purgy is caught in the net!
Purgy looks around nervously.
Purgy struggles against the net.
You slash Purgy!
Purgy is moderately wounded.
Purgy struggles against the net.
You slash Purgy!
Purgy is heavily wounded.
Purgy struggles against the net.
You slash Purgy!
Purgy is almost dead.
Purgy hisses menacingly.
Purgy struggles against the net.
The net rips apart, and Purgy comes free!
You hit Purgy.
Purgy is almost dead.
Purgy misses you. Purgy claws you. Purgy claws you but does no damage.
Purgy closely misses you. Purgy barely misses you. Purgy claws you.
You closely miss Purgy.
Purgy is almost dead.
Purgy barely misses you. Purgy claws you but does no damage. Purgy claws you.
You closely miss Purgy.
Purgy is severely wounded.
Purgy closely misses you. Purgy barely misses you. Purgy claws you.
You closely miss Purgy.
Purgy is severely wounded.
Purgy bites you. Purgy closely misses you. Purgy claws you but does no damage.
Purgy closely misses you. Purgy completely misses you. Purgy claws you.
You closely miss Purgy.
Purgy is severely wounded.
Purgy closely misses you. Purgy claws you. Purgy claws you but does no damage.
You slash Purgy!
Purgy is almost dead.
Purgy bites you.
You die...

##### #####...#
..)#...# ##.#...####
#.........##########
#.............%....#
##....>..>.########.#
.[.[....###########.#
................@T..#
.##.#...##########..#
#.##### #<.# #. #..#
.. #..# .# #..# #.
#..# #..# #..#


You could see Purgy.

Action                   |  1- 3 |  4- 6 || total
-------------------------+-------+-------++-------
Melee: War axe           |   102 |    28 ||   130
Throw: Throwing net      |       |     7 ||     7
 Stab: Sleeping          |     1 |       ||     1

Notes
Turn   | Place    | Note
--------------------------------------------------------------
     0 | D:1      | Duffy the Mummy Gladiator began the quest for the Orb.
     0 | D:1      | Reached XP level 1. HP: 16/16 MP: 1/1
    69 | D:1      | Reached XP level 2. HP: 22/22 MP: 2/2
    93 | D:1      | Reached skill level 3 in Axes
   376 | D:1      | Reached XP level 3. HP: 14/27 MP: 3/3
  1098 | D:2      | Reached skill level 4 in Axes
  1144 | D:2      | Reached XP level 4. HP: 33/33 MP: 4/4
  1473 | D:3      | Noticed Purgy
  1764 | D:3      | Slain by Purgy

Vault maps used:
D:1:      nicolae_arrival_memento_mori
D:3:      nicolae_overflow_crystal_walls, fedhas_altar_fruit_tree,
          portal_sewer_entry_e, ecumenical_altar_2, uniq_purgy

Vanquished Creatures
  2 adders
  A worm
  3 dart slugs
  3 giant geckos
  3 ball pythons
  9 bats
  2 giant cockroaches
  12 goblins
  2 hobgoblins
  4 jackals
  A giant newt
  6 kobolds
  4 rats
52 creatures vanquished.
